PCL
GRESHAM GOLD SOULS @ REDWOOD CITY REDWOODS
07/10/2028
 
TOP OF THE 1ST
Gresham Gold Souls batting - Pitching for Redwood City Redwoods : RHP Tony Meyer
Pitching: RHP Tony Meyer
Batting: RHB Gustavo Pagán 0-0: Called Strike
0-1: Ball
1-1: Ball
2-1: Foul Ball, location: 2F
2-2: Strikes out swinging
Batting: SHB Sean Carr 0-0: Ball
1-0: Called Strike
1-1: SINGLE (Line Drive, 4MD)
Batting: LHB Chance Santry 0-0: Ball
1-0: Ball
2-0: Swinging Strike
2-1: Ball
3-1: Base on Balls
Sean Carr to second
Batting: LHB Nick Scott 0-0: Ball
1-0: Swinging Strike
1-1: Foul Ball, location: 2F
1-2: Foul Ball, location: 2F
1-2: Strikes out swinging
Batting: RHB Mario Méndez 0-0: Called Strike
0-1: Fielders Choice at 2nd, 5-4 (Groundball, 56)
Top of the 1st over - 0 run(s), 1 hit(s), 0 error(s), 1 left on base; Gresham 0 - Redwood City 0
BOTTOM OF THE 1ST
Redwood City Redwoods batting - Pitching for Gresham Gold Souls : RHP Isaac Coleman
Pitching: RHP Isaac Coleman
Batting: LHB Mike Harris 0-0: Ball
1-0: Foul Ball, location: 2F
1-1: SINGLE (Line Drive, 6D)
Batting: RHB Robert Downing 0-0: Ball
1-0: Foul Ball, location: 2F
1-1: Ball
2-1: Ball
3-1: Swinging Strike
3-2: Foul Ball, location: 2F
3-2: Base on Balls
Mike Harris to second
Batting: LHB Patrick Bright 0-0: Called Strike
0-1: Ball
1-1: Ball
2-1: SINGLE (Groundball, 4MD)
Mike Harris to third
Robert Downing to second
Runner from 3rd tries for Home, SAFE, no throw
Batting: RHB Steve Sampson 0-0: Ball
1-0: Foul Ball, location: 2F
1-1: Foul Ball, location: 2F
1-2: Strikes out swinging
Batting: LHB José Peralta 0-0: Foul Ball, location: 2F
0-1: Called Strike
0-2: Strikes out swinging
Batting: LHB Pedro Rodríguez 0-0: SINGLE (Line Drive, 3D)
Robert Downing to third
Patrick Bright to second
Runner from 3rd tries for Home, SAFE, no throw
Batting: RHB Juan Robles 0-0: Ball
Passed Ball!
Patrick Bright to third
Pedro Rodríguez to second
1-0: Called Strike
1-1: Called Strike
1-2: Strikes out swinging
Bottom of the 1st over - 2 run(s), 3 hit(s), 0 error(s), 2 left on base; Gresham 0 - Redwood City 2
TOP OF THE 2ND
Gresham Gold Souls batting - Pitching for Redwood City Redwoods : RHP Tony Meyer
Batting: RHB Matt Davidson 0-0: Fly out, F7 (Flyball, 7)
Batting: SHB Todd Smith 0-0: SINGLE (Groundball, 6MD)
Batting: RHB Willie Houk 0-0: Called Strike
0-1: Ball
1-1: Called Strike
Throwing error on steal attempt, E2
Todd Smith to third
1-2: Ball
2-2: Ball
3-2: SINGLE (Groundball, 6D)
Todd Smith scores
Batting: RHB Augusto Baiano 0-0: Called Strike
0-1: SINGLE (Groundball, 6) (infield hit)
Willie Houk to second
Batting: RHB Gustavo Pagán 0-0: Ball
1-0: Called Strike
1-1: Foul Ball, location: 2F
1-2: Fly out, F7 (Flyball, 78M)
Batting: SHB Sean Carr 0-0: SINGLE (Groundball, 4D)
Willie Houk to third
Augusto Baiano to second
Runner from 3rd tries for Home, throw and OUT!
Top of the 2nd over - 1 run(s), 4 hit(s), 1 error(s), 2 left on base; Gresham 1 - Redwood City 2
BOTTOM OF THE 2ND
Redwood City Redwoods batting - Pitching for Gresham Gold Souls : RHP Isaac Coleman
Batting: RHB David Strickland 0-0: Called Strike
0-1: Ball
1-1: Foul Ball, location: 2F
1-2: Foul Ball, location: 2F
1-2: Fly out, F9 (Line Drive, 9)
Batting: RHB Luis Ramírez 0-0: Ball
1-0: Called Strike
1-1: Swinging Strike
1-2: Strikes out swinging
Batting: LHB Mike Harris 0-0: Ball
1-0: Called Strike
1-1: Ball
2-1: Swinging Strike
2-2: Foul Ball, location: 2F
2-2: Ball
3-2: Base on Balls
Batting: RHB Robert Downing 0-0: Called Strike
0-1: Foul Ball, location: 2F
0-2: Ball
1-2: Fly out, F9 (Line Drive, 9)
Bottom of the 2nd over - 0 run(s), 0 hit(s), 0 error(s), 1 left on base; Gresham 1 - Redwood City 2
TOP OF THE 3RD
Gresham Gold Souls batting - Pitching for Redwood City Redwoods : RHP Tony Meyer
Batting: LHB Chance Santry 0-0: Ball
1-0: Foul Ball, location: 2F
1-1: Ball
2-1: Ground out 1-3 (Groundball, 15)
Batting: LHB Nick Scott 0-0: Foul Ball, location: 2F
0-1: Called Strike
0-2: SOLO HOME RUN (Flyball, 89XD), Distance : 415 ft
Batting: RHB Mario Méndez 0-0: Called Strike
0-1: Ground out 6-3 (Groundball, 6)
Batting: RHB Matt Davidson 0-0: Ball
1-0: Foul Ball, location: 2F
1-1: Swinging Strike
1-2: Strikes out swinging
Top of the 3rd over - 1 run(s), 1 hit(s), 0 error(s), 0 left on base; Gresham 2 - Redwood City 2
BOTTOM OF THE 3RD
Redwood City Redwoods batting - Pitching for Gresham Gold Souls : RHP Isaac Coleman
Batting: LHB Patrick Bright 0-0: Ball
1-0: Called Strike
1-1: Called Strike
1-2: Ball
2-2: Strikes out swinging
Batting: RHB Steve Sampson 0-0: Ball
1-0: Ball
2-0: Ball
3-0: Called Strike
3-1: Base on Balls
Batting: LHB José Peralta 0-0: SINGLE (Groundball, 4MD)
Steve Sampson to second
Runner from 2nd tries for 3rd, SAFE, throw made to third
Batting: LHB Pedro Rodríguez 0-0: Called Strike
0-1: Ball
1-1: Called Strike
1-2: Foul Ball, location: 2F
1-2: Strikes out swinging
Batting: RHB Juan Robles 0-0: Ball
1-0: Ball
2-0: Ball
3-0: Base on Balls
José Peralta to second
Batting: RHB David Strickland 0-0: Called Strike
0-1: Ball
1-1: Ball
2-1: Fielders Choice at 2nd, 6-4 (Groundball, 6)
Bottom of the 3rd over - 0 run(s), 1 hit(s), 0 error(s), 2 left on base; Gresham 2 - Redwood City 2
TOP OF THE 4TH
Gresham Gold Souls batting - Pitching for Redwood City Redwoods : RHP Tony Meyer
Batting: SHB Todd Smith 0-0: Ball
1-0: Ball
2-0: Called Strike
2-1: Swinging Strike
2-2: Ball
3-2: Base on Balls
Batting: RHB Willie Houk 0-0: SINGLE (Groundball, 6MD)
Todd Smith to second
Batting: RHB Augusto Baiano 0-0: Ball
1-0: Called Strike
1-1: Ball
2-1: Swinging Strike
2-2: Grounds into double play, 4-6-3 (Groundball, 4M)
Todd Smith to third
Batting: RHB Gustavo Pagán 0-0: Swinging Strike
0-1: Ball
1-1: Fly out, F7 (Flyball, 7)
Top of the 4th over - 0 run(s), 1 hit(s), 0 error(s), 1 left on base; Gresham 2 - Redwood City 2
BOTTOM OF THE 4TH
Redwood City Redwoods batting - Pitching for Gresham Gold Souls : RHP Isaac Coleman
Batting: RHB Luis Ramírez 0-0: Called Strike
0-1: Ball
1-1: Foul Ball, location: 2F
1-2: Foul Ball, location: 2F
1-2: Fly out, F8 (Flyball, 8RS)
Batting: LHB Mike Harris 0-0: Ball
1-0: Called Strike
1-1: Fly out, F8 (Flyball, 8LM)
Batting: RHB Robert Downing 0-0: Called Strike
0-1: Ball
1-1: Ball
2-1: Called Strike
2-2: Ground out 6-3 (Groundball, 6)
Bottom of the 4th over - 0 run(s), 0 hit(s), 0 error(s), 0 left on base; Gresham 2 - Redwood City 2
TOP OF THE 5TH
Gresham Gold Souls batting - Pitching for Redwood City Redwoods : RHP Tony Meyer
Batting: SHB Sean Carr 0-0: Called Strike
0-1: Ground out 4-3 (Groundball, 4S)
Batting: LHB Chance Santry 0-0: Ball
1-0: Ground out 6-3 (Groundball, 6)
Batting: LHB Nick Scott 0-0: Foul Ball, location: 2F
0-1: Ball
1-1: Foul Ball, location: 2F
1-2: Ball
2-2: SINGLE (Flyball, 8LS)
Batting: RHB Mario Méndez 0-0: Fly out, F8 (Flyball, 8RS)
Top of the 5th over - 0 run(s), 1 hit(s), 0 error(s), 1 left on base; Gresham 2 - Redwood City 2
BOTTOM OF THE 5TH
Redwood City Redwoods batting - Pitching for Gresham Gold Souls : RHP Isaac Coleman
Batting: LHB Patrick Bright 0-0: Ball
1-0: Fly out, F8 (Flyball, 8LM)
Batting: RHB Steve Sampson 0-0: Ball
1-0: Ball
2-0: Foul Ball, location: 2F
2-1: Ball
3-1: Swinging Strike
3-2: Foul Ball, location: 2F
3-2: Strikes out swinging
Batting: LHB José Peralta 0-0: Called Strike
0-1: Called Strike
0-2: Strikes out swinging
Bottom of the 5th over - 0 run(s), 0 hit(s), 0 error(s), 0 left on base; Gresham 2 - Redwood City 2
TOP OF THE 6TH
Gresham Gold Souls batting - Pitching for Redwood City Redwoods : RHP Tony Meyer
Batting: RHB Matt Davidson 0-0: Called Strike
0-1: Ball
1-1: Ball
2-1: Ball
3-1: DOUBLE (Line Drive, 7D)
Batting: SHB Todd Smith 0-0: Ball
1-0: Ball
2-0: SINGLE (Groundball, 6D)
Matt Davidson to third
Runner from 3rd tries for Home, SAFE, throw made home
Todd Smith to second
Batting: RHB Willie Houk 0-0: Called Strike
0-1: Ball
1-1: Called Strike
1-2: Reached on error, E5 (Groundball, 56S)
Todd Smith scores
Batting: RHB Augusto Baiano 0-0: Ground out 6-3 (Groundball, 6)
Batting: RHB Gustavo Pagán 0-0: Called Strike
0-1: Foul Ball, location: 2F
0-2: Ball
1-2: Ball
2-2: Strikes out looking
Batting: SHB Sean Carr 0-0: Foul Ball, location: 2F
0-1: Foul Ball, location: 2F
0-2: Ball
1-2: Ball
2-2: SINGLE (Groundball, 34D)
Willie Houk to third
Runner from 3rd tries for Home, SAFE, throw made home
Sean Carr to second
Batting: LHB Chance Santry 0-0: Foul Ball, location: 2F
0-1: Foul Ball, location: 2F
0-2: Strikes out looking
Top of the 6th over - 3 run(s), 3 hit(s), 1 error(s), 1 left on base; Gresham 5 - Redwood City 2
BOTTOM OF THE 6TH
Redwood City Redwoods batting - Pitching for Gresham Gold Souls : RHP Isaac Coleman
Pitching: RHP António Rodríguez
Batting: LHB Pedro Rodríguez 0-0: Called Strike
0-1: Ball
1-1: Ball
2-1: Called Strike
2-2: SINGLE (Groundball, 4D)
Batting: RHB Juan Robles 0-0: Called Strike
Pedro Rodríguez is caught stealing 2nd base
0-1: Ball
1-1: Foul Ball, location: 2F
1-2: Foul Ball, location: 2F
1-2: Fly out, F8 (Line Drive, 8LXD)
Batting: RHB David Strickland 0-0: Ball
1-0: Ball
2-0: SINGLE (Line Drive, 78S)
Batting: RHB Luis Ramírez 0-0: Foul Ball, location: 2F
0-1: Called Strike
0-2: Fly out, F9 (Flyball, 9LM)
Bottom of the 6th over - 0 run(s), 2 hit(s), 0 error(s), 1 left on base; Gresham 5 - Redwood City 2
TOP OF THE 7TH
Gresham Gold Souls batting - Pitching for Redwood City Redwoods : RHP Tony Meyer
Pitching: RHP Johnny Bryant
Batting: LHB Nick Scott 0-0: Ball
1-0: Ground out 1-3 (Groundball, P)
Batting: RHB Mario Méndez 0-0: Called Strike
0-1: TRIPLE (Line Drive, 9LS)
Batting: RHB Matt Davidson 0-0: Foul Ball, location: 2F
0-1: Foul Ball, location: 2F
0-2: Foul Ball, location: 2F
0-2: Ball
1-2: Hit by Pitch
Batting: SHB Todd Smith 0-0: Ball
1-0: Called Strike
1-1: Fielders Choice at 2nd, 6-4 (Groundball, 6)
Mario Méndez scores
Batting: RHB Willie Houk 0-0: Called Strike
0-1: Foul Ball, location: 2F
0-2: Ball
1-2: Fielders Choice at 2nd, 6-4 (Groundball, 56)
Top of the 7th over - 1 run(s), 1 hit(s), 0 error(s), 0 left on base; Gresham 6 - Redwood City 2
BOTTOM OF THE 7TH
Redwood City Redwoods batting - Pitching for Gresham Gold Souls : RHP António Rodríguez
Batting: LHB Mike Harris 0-0: Called Strike
0-1: Swinging Strike
0-2: Ball
1-2: Ball
2-2: Strikes out looking
Batting: RHB Robert Downing 0-0: Ball
1-0: Ball
2-0: Ball
3-0: Called Strike
3-1: Called Strike
3-2: Ground out 5-3 (Groundball, 56S)
Batting: LHB Patrick Bright 0-0: Ball
1-0: Foul Ball, location: 2F
1-1: Fly out, F9 (Flyball, 9S)
Bottom of the 7th over - 0 run(s), 0 hit(s), 0 error(s), 0 left on base; Gresham 6 - Redwood City 2
TOP OF THE 8TH
Gresham Gold Souls batting - Pitching for Redwood City Redwoods : RHP Johnny Bryant
Batting: RHB Augusto Baiano 0-0: Ball
1-0: Ball
2-0: Called Strike
2-1: Swinging Strike
2-2: Strikes out looking
Batting: RHB Gustavo Pagán 0-0: Called Strike
0-1: Foul Ball, location: 2F
0-2: Strikes out swinging
Batting: SHB Sean Carr 0-0: Called Strike
0-1: SINGLE (Line Drive, 56D)
Batting: LHB Chance Santry 0-0: Ball
1-0: Foul Ball, location: 2F
1-1: Swinging Strike
1-2: Foul Ball, location: 2F
1-2: Ball
2-2: Ground out 5-3 (Groundball, 5S)
Top of the 8th over - 0 run(s), 1 hit(s), 0 error(s), 1 left on base; Gresham 6 - Redwood City 2
BOTTOM OF THE 8TH
Redwood City Redwoods batting - Pitching for Gresham Gold Souls : RHP António Rodríguez
Batting: RHB Steve Sampson 0-0: Ball
1-0: Called Strike
1-1: Ball
2-1: Foul Ball, location: 2F
2-2: Ball
3-2: Base on Balls
Batting: LHB José Peralta 0-0: Ball
1-0: Ball
2-0: Called Strike
2-1: Foul Ball, location: 2F
2-2: Foul Ball, location: 2F
2-2: Fly out, F8 (Flyball, 8RM)
Pitching: RHP Andy Hickey
Batting: LHB Pedro Rodríguez 0-0: Called Strike
0-1: Called Strike
0-2: Fly out, F8 (Flyball, 8LS)
Batting: RHB Juan Robles 0-0: Ball
1-0: Ball
2-0: Called Strike
2-1: Foul Ball, location: 2F
2-2: SINGLE (Groundball, 6MD)
Steve Sampson to second
Pitching: RHP Jeff Hansen
Batting: RHB David Strickland 0-0: Ball
1-0: Called Strike
1-1: Ball
2-1: Swinging Strike
2-2: Fielders Choice at 2nd, 5-4 (Groundball, 5L)
Bottom of the 8th over - 0 run(s), 1 hit(s), 0 error(s), 1 left on base; Gresham 6 - Redwood City 2
TOP OF THE 9TH
Gresham Gold Souls batting - Pitching for Redwood City Redwoods : RHP Johnny Bryant
Batting: LHB Nick Scott 0-0: Ball
1-0: Ball
2-0: Ball
3-0: Called Strike
3-1: SOLO HOME RUN (Line Drive, 9D), Distance : 372 ft
Pitching: RHP José Gusmán
Batting: RHB Mario Méndez 0-0: Fly out, F7 (Flyball, 7D)
Batting: RHB Matt Davidson 0-0: Foul Ball, location: 2F
0-1: Swinging Strike
0-2: Foul Ball, location: 2F
0-2: Foul Ball, location: 2F
0-2: Ball
1-2: Ball
2-2: Ball
3-2: Fly out, F7 (Flyball, 7S)
Batting: SHB Todd Smith 0-0: Ball
1-0: Foul Ball, location: 2F
1-1: Called Strike
1-2: Strikes out swinging
Top of the 9th over - 1 run(s), 1 hit(s), 0 error(s), 0 left on base; Gresham 7 - Redwood City 2
BOTTOM OF THE 9TH
Redwood City Redwoods batting - Pitching for Gresham Gold Souls : RHP Jeff Hansen
Now in LF: Anthony Wells
Batting: RHB Luis Ramírez 0-0: Ball
1-0: Ball
2-0: Foul Ball, location: 2F
2-1: Swinging Strike
2-2: Strikes out looking
Batting: LHB Mike Harris 0-0: Ball
1-0: Ball
2-0: Ball
3-0: Called Strike
3-1: Base on Balls
Batting: RHB Robert Downing 0-0: Ball
1-0: Ground out U3 (Groundball, 34S)
Mike Harris to second
Batting: LHB Patrick Bright 0-0: Foul Ball, location: 2F
0-1: Swinging Strike
0-2: Foul Ball, location: 2F
0-2: Ball
1-2: Foul Ball, location: 2F
1-2: Foul Ball, location: 2F
1-2: Ball
2-2: Ball
3-2: Base on Balls
Batting: RHB Steve Sampson 0-0: Called Strike
0-1: Called Strike
0-2: Ball
1-2: Ball
2-2: Foul Ball, location: 2F
2-2: Ball
3-2: Ground out 5-3 (Groundball, 56)
Bottom of the 9th over - 0 run(s), 0 hit(s), 0 error(s), 2 left on base; Gresham 7 - Redwood City 2
Tuesday, August 8th, 2017 - OOTP Baseball 17.12 Build 75